 Seeded DCSS version 0.28-a0-1567-g1695149f81 (webtiles) character file.

Game seed: 3791 (custom seed)

343 knot the Chopper (level 6, 15/70 HPs)
             Began as a Demonspawn Berserker on Jan 20, 2022.
             Was a Believer of Trog.
             Quit the game on level 4 of the Dungeon.
             The game lasted 00:02:18 (3634 turns).

knot the Chopper (Demonspawn Berserker)             Turns: 3634, Time: 00:02:19

Health: 15/70      AC:  6    Str: 17    XL:     6   Next: 31%
Magic:  6/6        EV: 11    Int: 11    God:    Trog [**....]
Gold:   144        SH:  0    Dex: 12    Spells: 5/5 levels left

rFire   + . .      SeeInvis .   a - +0 hand axe
rCold   . . .      Faith    .   (no shield)
rNeg    . . .      Spirit   .   f - +0 ring mail
rPois   .          Reflect  .   (no helmet)
rElec   .          Harm     .   (no cloak)
rCorr   .          Rampage  .   (no gloves)
Will    .....                   e - +0 pair of boots
Stlth   ..........              (no amulet)
HPRegen 0.21/turn               g - ring of protection from fire
MPRegen 0.10/turn               (no ring)

@: berserking, studying Fighting, very quick
A: hooves 2, powered by pain 1
a: Renounce Religion, Berserk, Trog's Hand


You were on level 4 of the Dungeon.
You worshipped Trog.
Trog was pleased with you.
You visited 1 branch of the dungeon, and saw 4 of its levels.

You collected 144 gold pieces.

Inventory:

Hand Weapons
 a - a +0 hand axe (weapon)
Missiles
 d - 118 stones (quivered)
 j - 4 curare-tipped darts
 m - 2 throwing nets
Armour
 e - a +0 pair of boots (worn)
 f - a +0 ring mail (worn)
Jewellery
 g - a ring of protection from fire (left hand)
 p - a ring of ice
Scrolls
 c - a scroll of vulnerability {unknown}
 h - a scroll of enchant weapon {unknown}
 i - a scroll of fear {unknown}
 k - 3 scrolls of brand weapon {unknown}
Potions
 b - 2 potions of curing {unknown}
 l - a potion of magic {unknown}
 n - a potion of degeneration {unknown}
 o - a potion of haste {unknown}


   Skills:
 - Level 3.0 Fighting
 + Level 6.5 Axes
 - Level 1.7 Armour
 - Level 1.7 Dodging


You had 5 spell levels left.
You didn't know any spells.
Your spell library contained the following spells:

 Spells                   Type           Power      Damage    Failure   Level
 Animate Skeleton         Necr           0%         N/A       54%         1
 Apportation              Tloc           0%         N/A       54%         1
 Summon Small Mammal      Summ           0%         N/A       54%         1


Dungeon Overview and Level Annotations

Branches:
Dungeon (4/15)
 Temple: D:4-7

Altars:
Zin

Shops:
D:3 [


Innate Abilities, Weirdness & Mutations

You have hoof-like feet.
You sometimes gain a little power by taking damage.


Message History

Menkaure, Prince of Dust comes into view.
Menkaure gestures wildly while chanting.
Menkaure seems to speed up.
Menkaure is nearby!
Menkaure closely misses you.
You hit Menkaure but do no damage.
Menkaure calls on the powers of darkness!
Your body is wracked with pain!
You hit Menkaure but do no damage.
Menkaure wails, "Why can't you leave me to my rest?"
Menkaure points at you and mumbles some strange words.
Pain shoots through your body!
Menkaure is nearby!
You are too injured to fight recklessly!
A red film seems to cover your vision as you go berserk!
You feel yourself moving faster!
You feel mighty! Menkaure completely misses you.
You slash Menkaure!
Menkaure is moderately damaged.
Menkaure misses you.
You barely miss Menkaure.
Menkaure is moderately damaged.
Menkaure completely misses you.
You slash Menkaure!
Menkaure is heavily damaged.
Menkaure hits you.
You barely miss Menkaure.
Menkaure is heavily damaged.
Menkaure calls on the powers of darkness!
Your body is wracked with pain!
* * * LOW HITPOINT WARNING * * *
You slash Menkaure!
You destroy Menkaure!
Trog accepts your kill.
Trog appreciates your killing of a magic user.
Your Axes skill increases to level 6!
You have reached level 6!
Your demonic ancestry asserts itself...
You feel energised by your suffering.
Are you sure you want to abandon this character and quit the game? (Confirm with "yes".)

### # ..#.#
########.#.# ###
#..........# ...
###...##@# #####
#........# .....
###.#.####.#
######
#..........#
...#.
##...>.......
##.#.
##...........
#....
#..<..#######
#..#. ##.#.##
############..#.
#.#...
...........#..#.


There were no monsters in sight!

Vanquished Creatures
  Menkaure (D:4)
  A black bear (D:3)
  An iguana (D:3)
  4 adders
  An adder zombie (D:3)
  6 worms
  2 dart slugs
  An orc (D:3)
  4 endoplasms
  A giant cockroach (D:4)
  3 goblins
  4 hobgoblins
  4 kobolds
  2 quokkas
  2 ball pythons
  5 bats
  5 frilled lizards
  A jackal zombie (D:3)
  A quokka skeleton (D:3)
  A quokka zombie (D:3)
  6 rats
56 creatures vanquished.

Vanquished Creatures (others)
  A withered plant (D:3)
1 creature vanquished.

Grand Total: 57 creatures vanquished

Notes
Turn   | Place    | Note
-------+----------+-------------------------------------------
     0 | D:1      | knot the Demonspawn Berserker began the quest for the Orb.
     0 | D:1      | Reached XP level 1. HP: 18/18 MP: 1/1
   262 | D:1      | Reached skill level 3 in Axes
   343 | D:1      | Gained mutation: You have large cloven feet. [demonic
                  | ancestry]
   343 | D:1      | Reached XP level 2. HP: 14/24 MP: 2/2
  1593 | D:2      | Reached XP level 3. HP: 29/29 MP: 3/3
  1702 | D:2      | Reached skill level 4 in Axes
  1729 | D:2      | Reached ** piety under Trog
  1963 | D:2      | Found a faded altar of an unknown god.
  2100 | D:3      | Reached XP level 4. HP: 17/35 MP: 4/4
  2315 | D:3      | Noticed a black bear
  2328 | D:3      | Killed a black bear
  2329 | D:3      | Reached skill level 5 in Axes
  2329 | D:3      | Gained mutation: You have hoof-like feet. [demonic
                  | ancestry]
  2329 | D:3      | Reached XP level 5. HP: 33/41 MP: 5/5
  3185 | D:3      | Found Hiomywn's Armour Emporium.
  3624 | D:4      | Noticed Menkaure
  3633 | D:4      | Killed Menkaure
  3634 | D:4      | Reached skill level 6 in Axes
  3634 | D:4      | Gained mutation: You sometimes gain a little power by
                  | taking damage. [demonic ancestry]
  3634 | D:4      | Reached XP level 6. HP: 15/47 MP: 6/6
  3634 | D:4      | Quit the game

Illustrated notes

Levels and vault maps discovered:
D:1:      lemuel_arrival_river_ford, layout_basic
D:2:      layout_rooms, chequers_ecumenical_altar_grove, basic_altar
D:3:      minmay_wonky_spiral, layout_rooms, serial_undead, serial_undead_f,
          serial_undead_b, serial_undead_d, serial_undead_f, serial_shops, shop,
          cheibrodos_sewer_entry_sluice
D:4:      kennysheep_spiral_hall, layout_basic, uniq_menkaure

Skill      XL: |  1  2  3  4  5 |
---------------+----------------+-----
Axes           | 3 4 5 6 |  6.5
Fighting       | |  3.0
Armour         | |  1.7
Dodging        | |  1.7

Action                   |  1- 3 |  4- 6 || total
-------------------------+-------+-------++-------
Melee: Hand axe          |    93 |   110 ||   203
       Punch             |       |     2 ||     2
Throw: Stone             |     4 |       ||     4
Invok: Berserk           |     3 |     2 ||     5
 Stab: Sleeping          |     1 |       ||     1
Armor: Ring mail         |    33 |    30 ||    63
       Animal skin       |     1 |       ||     1
Dodge: Dodged            |    46 |    58 ||   104

Table legend: (Time is in decaauts)
 A = Elapsed time spent in this place.
 B = Non-inter-level travel time spent in this place.
 C = Inter-level travel time spent in this place.
 D = Time resting spent in this place.
 E = Time spent auto-exploring this place.
 F = Levels seen in this place.
 G = Mean time per level.
                   A        B        C        D        E       F      G
               +--------+--------+--------+--------+--------+-----+--------+
         Total |   3687 |   3574 |    113 |    748 |   2412 |   4 |  921.8 |
       Dungeon |   3687 |   3574 |    113 |    748 |   2412 |   4 |  921.8 |
               +--------+--------+--------+--------+--------+-----+--------+

Top non-repeatable levels by time:
     D:1: 1551 daAuts
     D:3: 1445 daAuts
     D:2: 577 daAuts
     D:4: 113 daAuts
